[Event "Team 45 45 League T50"]
[Site "Internet Chess Club"]
[Date "2011.09.05"]
[Round "4"]
[White "Gilguli"]
[Black "doublepar"]
[Result "0-1"]
[WhiteElo "1432"]
[BlackElo "1467"]
[Opening "QGD"]
[ECO "D52"]
[Time "15:10:49"]
[TimeControl "2700+45"]

1. d4 d5 2. Nf3 Nf6 3. c4 c6 4. Nc3 e6 5. Bg5 Nbd7 6. e3 Bd6 7. cxd5 cxd5 8. Bd3
O-O 9. Qc2 Qc7 10. Rc1 a6 11. O-O e5 12. Qb1 Qb6 13. dxe5 Bxe5 14. Nxe5 Nxe5 15.
Bxf6 Nxd3 16. Bd4 Qg6 17. Nxd5 Re8 18. Rc3 Bh3 19. g3 Qe4 20. f3 Qxd5 21. Qxd3
Bxf1 22. Qxf1 Qxa2 23. Rc7 Rac8 24. Rxb7 Rc2 25. Bc3 Qe6 26. Qd3 Qc6 27. Rd7
Rc1+ 28. Kf2 Rc2+ 29. Ke1 Rxh2 30. Qd4 Rxe3+ 31. Qxe3 Qxd7 32. g4 f6 33. Kf1
Qd1+ 34. Be1 Rh1+ 35. Kf2 Rxe1 36. Qxe1 Qxe1+ 37. Kxe1 Kf7 38. Ke2 Ke6 39. f4 g6
40. Kd3 Kd5 41. b4 h6 42. g5 fxg5 43. fxg5 hxg5 44. Ke3 Kc4 45. Kf3 {White
resigns} 0-1

[Event "Team 45 45 League T50"]
[Site "Internet Chess Club"]
[Date "2011.09.02"]
[Round "4"]
[White "PsyMar"]
[Black "The-Capitalist"]
[Result "0-1"]
[WhiteElo "1382"]
[BlackElo "1341"]
[Opening "Caro-Kann: classical, 6.h4"]
[ECO "B18"]
[Time "10:45:10"]
[TimeControl "2700+45"]

1. e4 c6 2. d4 d5 3. Nc3 dxe4 4. Nxe4 Bf5 5. Ng3 Bg6 6. h4 h6 7. h5 Bh7 8. Nf3
Nd7 9. Bd3 Bxd3 10. Qxd3 Ngf6 11. Be3 Qc7 12. O-O-O e6 13. Ne2 Bd6 14. Kb1 O-O
15. g3 Rac8 16. c4 Qa5 17. c5 Be7 18. Nf4 Rfd8 19. Ng6 fxg6 20. Qxg6 Nf8 21. Qc2
Rd5 22. Ne5 b6 23. Ng6 Re8 24. Nxf8 Bxf8 25. Qg6 Red8 26. Bxh6 Rxd4 27. Rxd4
Rxd4 28. Be3 Rg4 29. Qd3 Nd5 30. Bd2 Qxc5 31. h6 gxh6 32. Bxh6 Qd4 33. Qe2 Qe4+
{White resigns} 0-1

[Event "Team 45 45 League T50"]
[Site "Internet Chess Club"]
[Date "2011.09.01"]
[Round "4"]
[White "kingsrook"]
[Black "Skylab"]
[Result "0-1"]
[WhiteElo "1328"]
[BlackElo "1300"]
[Opening "Queen's pawn game"]
[ECO "D04"]
[Time "19:00:08"]
[TimeControl "2700+45"]

1. d4 d5 2. Nf3 Nf6 3. e3 c5 4. c4 e6 5. Bd3 cxd4 6. exd4 Be7 7. O-O O-O 8. Be3
Nc6 9. a3 Bd6 10. Nc3 Re8 11. Re1 Qc7 12. Nb5 Qb8 13. Nxd6 Qxd6 14. h3 e5 15.
dxe5 Nxe5 16. Bf4 Nxf3+ 17. Qxf3 Qd8 18. b3 Be6 19. Bg5 b6 20. Rad1 Rc8 21. a4
Rc7 22. Qg3 Rd7 23. Re3 dxc4 24. Bxf6 Qxf6 25. Bxh7+ Kxh7 26. Rxd7 Bxd7 27. Rf3
Qa1+ 28. Kh2 Qe5 29. Rf4 Re7 30. Qh4+ Kg8 31. Qg3 g5 32. Rf3 Qxg3+ 33. Rxg3 f6
34. f4 Rg7 35. fxg5 fxg5 36. Re3 cxb3 37. Rxb3 Bxa4 38. Ra3 b5 39. Rd3 Kh7 40.
Kg3 a5 41. Kg4 Kh6 42. Rd6+ Rg6 43. Rd8 Rg7 44. Rd6+ Rg6 45. Rd8 Kh7 46. Rd7+
Rg7 47. Rd6 b4 48. Ra6 Bd1+ 49. Kg3 Rb7 50. Rxa5 Kh6 51. Ra6+ Kg7 52. Ra5 b3 53.
Rxg5+ Kf6 54. Rd5 Bc2 55. Rd2 b2 56. Rd6+ Ke5 57. Rd2 b1=Q 58. Re2+ Be4 {White
resigns} 0-1

[Event "Team 45 45 League T50"]
[Site "Internet Chess Club"]
[Date "2011.09.03"]
[Round "4"]
[White "JimGaming"]
[Black "KidRattler"]
[Result "0-1"]
[WhiteElo "1273"]
[BlackElo "1253"]
[Opening "Bishop's opening: Ponziani gambit"]
[ECO "C24"]
[Time "14:23:29"]
[TimeControl "2700+45"]

1. e4 e5 2. Bc4 Nf6 3. d4 Qe7 4. Bg5 h6 5. Bxf6 Qxf6 6. Nf3 exd4 7. O-O Nc6 8.
Re1 Qd8 9. Nxd4 Bc5 10. c3 O-O 11. b4 Bxd4 12. cxd4 Nxb4 13. Nc3 d6 14. Nd5 Nxd5
15. Bxd5 c6 16. Bb3 Be6 17. d5 cxd5 18. exd5 Bd7 19. Re3 Re8 20. Rg3 Bf5 21. Qd2
Qf6 22. Rc1 Rec8 23. h3 Rxc1+ 24. Qxc1 Rc8 25. Qd2 Bg6 26. Rf3 Qg5 27. Re3 f5
28. Kh2 Re8 29. Qd4 Rxe3 30. fxe3 Qe7 31. g3 b6 32. Bd1 Qe4 33. Qd2 Bf7 34. Bb3
a5 35. Bc2 Qxd5 36. Qxd5 Bxd5 37. Bxf5 Bxa2 38. e4 Kf7 39. Bd7 d5 40. Bc6 dxe4
41. Bxe4 b5 42. Bc6 b4 43. g4 Bb1 44. h4 b3 45. Bd5+ Ke7 46. Bxb3 Be4 47. Kg3
Bc6 48. Kf4 a4 49. Ba2 Kf6 50. Bb1 g5+ 51. Kg3 Bd5 52. h5 a3 53. Kf2 a2 54. Bxa2
Bxa2 55. Kg3 Ke5 56. Kf2 Kf4 57. Kg2 Kxg4 58. Kh2 Kxh5 59. Kg3 g4 60. Kf4 Kh4
61. Ke3 g3 62. Kf3 Kh3 63. Ke2 g2 64. Kf2 Kh2 {White resigns} 0-1

[Event "Team 45 45 League T50"]
[Site "Internet Chess Club"]
[Date "2011.09.11"]
[Round "4"]
[White "kjs110"]
[Black "sere"]
[Result "1-0"]
[WhiteElo "1078"]
[BlackElo "1180"]
[Opening "Sicilian: Hungarian variation"]
[ECO "B27"]
[Time "11:00:59"]
[TimeControl "2700+45"]

1. e4 c5 2. Nf3 g6 3. Bc4 Bg7 4. O-O Nc6 5. c3 Nf6 6. d3 O-O 7. h3 d6 8. Bf4 Bd7
9. Nbd2 Qb6 10. Rb1 Na5 11. a3 Nxc4 12. Nxc4 Qc7 13. b4 Be6 14. bxc5 dxc5 15.
Bxc7 {Black resigns} 1-0

[Event "Team 45 45 League T50"]
[Site "Internet Chess Club"]
[Date "2011.09.03"]
[Round "4"]
[White "Cicero"]
[Black "mrmarck"]
[Result "0-1"]
[WhiteElo "1345"]
[BlackElo "1300"]
[Opening "Scandinavian (center counter) defense"]
[ECO "B01"]
[Time "17:00:27"]
[TimeControl "2700+45"]

1. e4 d5 2. exd5 Qxd5 3. Nc3 Qa5 4. d4 c6 5. Bc4 e6 6. Bd2 Qc7 7. Nf3 Nf6 8. O-O
Be7 9. Bd3 O-O 10. Ne4 Nbd7 11. Re1 Re8 12. Ne5 Nxe5 13. Nxf6+ Bxf6 14. Bf4 b6
15. dxe5 Be7 16. Re3 g6 17. Rg3 Bh4 18. Rh3 Qe7 19. Bh6 Bg5 20. Qg4 Bxh6 21.
Rxh6 Kg7 22. Qh3 Rh8 23. Re1 Bb7 24. Re4 Qg5 25. Reh4 Qxe5 26. Rxh7+ Rxh7 27.
Rxh7+ Kg8 28. g3 Rd8 29. f4 Qe1+ 30. Bf1 Qe3+ 31. Kh1 c5+ 32. Qg2 Bxg2+ 33. Bxg2
Rd1+ 34. Bf1 Qf3+ 35. Kg1 Rxf1# {White checkmated} 0-1

[Event "Team 45 45 League T50"]
[Site "Internet Chess Club"]
[Date "2011.09.02"]
[Round "4"]
[White "jjaillet2007"]
[Black "IanT"]
[Result "0-1"]
[WhiteElo "1325"]
[BlackElo "1404"]
[Opening "Nimzo-Indian: Sämisch variation"]
[ECO "E24"]
[Time "21:05:00"]
[TimeControl "2700+45"]

1. d4 Nf6 2. c4 e6 3. Nc3 Bb4 4. a3 Bxc3+ 5. bxc3 d5 6. Bg5 h6 7. Bh4 O-O 8. e3
Nbd7 9. Bd3 Qe7 10. cxd5 exd5 11. Nf3 c5 12. O-O b6 13. Re1 Bb7 14. Qc2 Rac8 15.
e4 dxe4 16. Bxe4 Bxe4 17. Bxf6 Nxf6 18. Qd1 Rfe8 19. Nd2 Qb7 20. f3 Bg6 21. dxc5
bxc5 22. Nc4 Rxe1+ 23. Qxe1 Re8 24. Qd2 Qd7 25. Qxd7 Nxd7 26. Kf2 Ne5 27. Nd6
Nd3+ 28. Kg3 Re2 29. f4 Rc2 30. c4 Kf8 31. h4 Ke7 32. Nc8+ Kd7 33. Nxa7 Rxc4 34.
Nb5 Rxf4 35. a4 Rf6 36. a5 Nb4 37. Na3 Rc6 38. Nc4 Ke6 39. Re1+ Kf6 40. Ne5 Re6
41. Nd7+ Ke7 42. Rxe6+ fxe6 43. Nxc5 Be8 44. a6 Bc6 45. a7 Ba8 46. Kf2 Nc6 47.
g4 Nxa7 48. g5 hxg5 49. hxg5 Bd5 50. Ke3 Kf7 51. Kf4 Kg6 52. Nd3 Nc6 53. Kg4 e5
54. Nf2 e4 55. Kf4 Ne7 56. Ng4 Nc6 57. Ne3 Nb4 58. Nxd5 Nxd5+ 59. Kxe4 Nc7 60.
Kf4 Ne6+ 61. Kg4 Nxg5 62. Kg3 Ne6 63. Kg4 Nc7 64. Kh4 Kf5 65. Kg3 Kg5 66. Kh3
Kf4 67. Kg2 Kg4 68. Kh2 Kf3 69. Kg1 g5 70. Kf1 g4 71. Kg1 Kg3 72. Kh1 Kf2 73.
Kh2 g3+ {White resigns} 0-1

[Event "Team 45 45 League T50"]
[Site "Internet Chess Club"]
[Date "2011.09.02"]
[Round "4"]
[White "maliboum"]
[Black "BosqueVerde"]
[Result "1-0"]
[WhiteElo "1229"]
[BlackElo "1187"]
[Opening "Philidor's defense"]
[ECO "C41"]
[Time "20:02:18"]
[TimeControl "2700+45"]

1. e4 e5 2. Nf3 d6 3. Nc3 Bd7 4. Be2 Nf6 5. O-O Be7 6. d4 O-O 7. dxe5 dxe5 8.
Nxe5 Nc6 9. Nxd7 Nxd7 10. Be3 Re8 11. a3 a5 12. f4 Bf6 13. e5 Ncxe5 14. fxe5
Bxe5 15. Bf4 Bxc3 16. bxc3 Ra6 17. Bxa6 bxa6 18. Qf3 Nf6 19. Rfe1 Rf8 20. Rad1
Qb8 21. Rb1 Qa7+ 22. Be3 c5 23. Qc6 Ng4 24. Bxc5 {Black resigns} 1-0

[Event "Team 45 45 League T50"]
[Site "Internet Chess Club"]
[Date "2011.09.04"]
[Round "4"]
[White "WannaB"]
[Black "lawth3"]
[Result "0-1"]
[WhiteElo "1128"]
[BlackElo "1169"]
[Opening "Caro-Kann: advance variation"]
[ECO "B12"]
[Time "19:01:33"]
[TimeControl "2700+45"]

1. e4 c6 2. d4 d5 3. e5 Bf5 4. Nf3 e6 5. Bd3 Bxd3 6. Qxd3 Ne7 7. O-O Nf5 8. Ng5
c5 9. dxc5 Bxc5 10. c3 Nc6 11. Qb5 Qb6 12. a4 Qxb5 13. axb5 Nxe5 14. Bf4 Nd3 15.
b4 Bxb4 16. cxb4 Nxf4 17. b6 a6 18. Nc3 Rc8 19. Na4 f6 20. Nf3 Ke7 21. Nc5 Rb8
22. Rab1 Rhc8 23. Na4 g5 24. Nc5 a5 25. Na4 Rc4 26. Nd2 Rxb4 27. Rxb4 axb4 28.
Nb3 Nd6 29. Nac5 e5 30. Nd2 Nc4 31. Nxc4 dxc4 32. Rb1 b3 33. Kf1 Nd5 34. Rb2
Nxb6 35. Rb1 Nd7 36. Ne4 h5 37. g3 g4 38. Kg2 f5 39. Ng5 Kf6 40. h4 gxh3+ 41.
Nxh3 Rg8 42. Kf3 Rg4 43. Ng1 e4+ 44. Ke2 h4 45. gxh4 Rxh4 46. f3 Nc5 47. fxe4
Nxe4 48. Nf3 Nc3+ 49. Ke3 Re4+ 50. Kd2 Nxb1+ 51. Kc1 Re3 52. Nd4 Na3 53. Kb2 c3+
54. Kxa3 c2 55. Kb2 f4 56. Nxb3 Rxb3+ 57. Kxc2 Rh3 58. Kd2 f3 59. Ke1 b5 {White
resigns} 0-1

[Event "Team 45 45 League T50"]
[Site "Internet Chess Club"]
[Date "2011.09.04"]
[Round "4"]
[White "mitus"]
[Black "latayvia"]
[Result "1-0"]
[WhiteElo "1849"]
[BlackElo "1691"]
[Opening "Caro-Kann: advance variation"]
[ECO "B12"]
[Time "17:01:11"]
[TimeControl "2700+45"]

1. e4 c6 2. d4 d5 3. e5 Bf5 4. f4 h6 5. Bd3 Bxd3 6. Qxd3 e6 7. Nf3 Nd7 8. O-O
Ne7 9. Nc3 Nf5 10. g4 Nh4 11. f5 Nxf3+ 12. Qxf3 Qb6 13. Be3 O-O-O 14. Na4 Qa5
15. b3 Bb4 16. Rfc1 Ba3 17. Rd1 Rdf8 18. Bd2 Qc7 19. b4 b5 20. Qxa3 bxa4 21.
Qxa4 Nb6 22. Qa6+ Kd7 23. b5 cxb5 24. Bb4 Ra8 25. Qxb5+ Qc6 26. fxe6+ fxe6 27.
Qxc6+ Kxc6 28. Rf1 Nd7 29. Rf7 Rab8 30. c3 Rhg8 31. Raf1 Rbe8 32. Bd6 a6 33. a4
Ra8 34. Re7 Rae8 35. Rff7 Nb8 36. Rb7 Rc8 37. a5 {Black resigns} 1-0

[Event "Team 45 45 League T50"]
[Site "Internet Chess Club"]
[Date "2011.09.04"]
[Round "4"]
[White "bayoumicardio10"]
[Black "Warpdrive"]
[Result "1-0"]
[WhiteElo "1667"]
[BlackElo "1607"]
[Opening "Scotch gambit"]
[ECO "C44"]
[Time "20:00:20"]
[TimeControl "2700+45"]

1. e4 e5 2. Nf3 Nc6 3. d4 exd4 4. Bc4 Bb4+ 5. c3 dxc3 6. bxc3 Ba5 7. O-O d6 8.
Qb3 Be6 9. Bxe6 fxe6 10. Qxb7 Nge7 11. Bg5 Kd7 12. Na3 Rb8 13. Qa6 h6 14. Be3
Bb6 15. Bxb6 Rxb6 16. Qc4 Qc8 17. Nd4 Qa6 18. Qxe6+ Kd8 19. Nc4 Nxd4 20. cxd4
Rb4 21. Ne5 Qc8 22. Nf7+ Ke8 23. Qxc8+ Nxc8 24. Nxh8 Rxd4 25. Ng6 Rxe4 26. Rfe1
Rxe1+ 27. Rxe1+ Kf7 28. Nf4 c6 29. Nd3 Ne7 30. Nb4 d5 31. Rxe7+ Kxe7 32. Nxc6+
Kd7 33. Nxa7 Kc7 34. Nb5+ Kc6 35. Nd4+ Kc5 36. Nf5 d4 37. Kf1 Kc4 38. Ke1 Kc3
39. Kd1 d3 40. Nxg7 {Black resigns} 1-0

[Event "Team 45 45 League T50"]
[Site "Internet Chess Club"]
[Date "2011.09.05"]
[Round "4"]
[White "clarinetref"]
[Black "nosir"]
[Result "1-0"]
[WhiteElo "1630"]
[BlackElo "1473"]
[Opening "Santasiere's folly"]
[ECO "A06"]
[Time "20:04:56"]
[TimeControl "2700+45"]

1. Nf3 d5 2. b4 Bf5 3. Bb2 e6 4. e3 Nf6 5. a3 Nbd7 6. Be2 Bd6 7. c4 c6 8. d4 O-O
9. Nbd2 Re8 10. Ne5 Nf8 11. f4 Ne4 12. Nxe4 Bxe4 13. Bf3 Bxf3 14. Qxf3 Nd7 15.
O-O Nf6 16. f5 Ne4 17. fxe6 f6 18. Nf7 Qe7 19. Qg4 Qxe6 20. Nh6+ Kh8 21. Nf5 g6
22. Nh6 Qxg4 23. Nxg4 f5 24. Ne5 Nd2 25. Nf7+ Kg8 26. Nxd6 Rxe3 27. Rfe1 Re4 28.
Nxe4 fxe4 29. cxd5 cxd5 30. Bc3 Nc4 31. b5 Re8 32. Bb4 e3 33. Re2 Re4 34. Rd1 a5
35. bxa6 bxa6 36. Bc5 Nd2 37. Rexd2 exd2 38. Rxd2 Re6 39. Kf2 Kf7 40. Rb2 {Black
resigns} 1-0

[Event "Team 45 45 League T50"]
[Site "Internet Chess Club"]
[Date "2011.09.01"]
[Round "4"]
[White "cmarler"]
[Black "tryanything"]
[Result "0-1"]
[WhiteElo "1448"]
[BlackElo "1575"]
[Opening "Budapest defense declined"]
[ECO "A51"]
[Time "19:00:50"]
[TimeControl "2700+45"]

1. d4 Nf6 2. c4 e5 3. e3 exd4 4. exd4 d5 5. Nf3 Bb4+ 6. Bd2 Bxd2+ 7. Nbxd2 O-O
8. Be2 dxc4 9. Nxc4 Be6 10. O-O Nbd7 11. Qc2 Nb6 12. Ne3 Nbd5 13. Nf5 Qd7 14.
Ng3 h6 15. Rfd1 c6 16. Ne5 Qc8 17. Nf1 Nf4 18. Bf3 Bd5 19. Bxd5 N4xd5 20. Nd2
Qe6 21. Ndc4 Rfe8 22. a3 Re7 23. g3 Ng4 24. Qe2 Nxe5 25. dxe5 f6 26. Re1 Rae8
27. Nd6 Rd8 28. Qh5 fxe5 29. Nc4 e4 30. Rad1 Rde8 31. Ne3 Nxe3 32. Rxe3 Qe5 33.
Qg6 {White resigns} 0-1

[Event "Team 45 45 League T50"]
[Site "Internet Chess Club"]
[Date "2011.09.04"]
[Round "4"]
[White "Innes"]
[Black "andrew32"]
[Result "1-0"]
[WhiteElo "1728"]
[BlackElo "1654"]
[Opening "Sicilian: Smith-Morra gambit"]
[ECO "B21"]
[Time "17:05:50"]
[TimeControl "2700+45"]

1. e4 c5 2. d4 cxd4 3. c3 Nf6 4. e5 Nd5 5. cxd4 e6 6. Nc3 d6 7. f4 Nc6 8. Nf3
dxe5 9. fxe5 b6 10. Bd2 Bb7 11. a3 Be7 12. Bd3 h6 13. b4 Bh4+ 14. g3 Be7 15. O-O
O-O 16. Rc1 Ndxb4 17. axb4 Nxd4 18. Ne4 Nxf3+ 19. Qxf3 Qd4+ 20. Qe3 Qxe5 21. Bc3
Qh5 22. Qd4 f6 23. Qd7 Rf7 24. Qxe6 Re8 25. Nd6 Bd5 26. Qe3 Qh3 27. Rc2 Bxd6 28.
Qxe8+ Rf8 29. Qg6 Rf7 30. Bf5 {Black resigns} 1-0

[Event "Team 45 45 League T50"]
[Site "Internet Chess Club"]
[Date "2011.09.08"]
[Round "4"]
[White "calily"]
[Black "beitmery"]
[Result "1-0"]
[WhiteElo "1735"]
[BlackElo "1523"]
[Opening "Neo-Grünfeld, 6.O-O"]
[ECO "D77"]
[Time "10:13:05"]
[TimeControl "2700+45"]

1. Nf3 Nf6 2. g3 g6 3. Bg2 d5 4. d4 Bg7 5. O-O O-O 6. c4 b6 7. Nc3 Bb7 8. b3 c5
9. cxd5 Nxd5 10. Nxd5 Bxd5 11. Bb2 Nc6 12. e3 Be4 13. Qe2 Nb4 14. Rfd1 Qc7 15.
a3 Nd5 16. dxc5 Nc3 17. Bxc3 Bxc3 18. Rac1 Bg7 19. cxb6 Qxb6 20. Nd4 Bxg2 21.
Kxg2 e5 22. Nc6 Qxb3 23. Rd3 Qb7 24. e4 Rfc8 25. Rdc3 Qd7 26. Ne7+ Qxe7 27.
Rxc8+ Rxc8 28. Rxc8+ Bf8 29. Qa6 Kg7 30. a4 Qb4 31. Qc4 Qxc4 32. Rxc4 Bd6 33.
Kf3 h5 34. h4 Kf6 35. Rc6 Ke6 36. Ke3 f5 37. Ra6 f4+ 38. gxf4 exf4+ 39. Kf3 Ke5
40. Rxa7 Kf6 41. Ra6 Ke6 42. Rxd6+ Kxd6 43. Kxf4 {Black resigns} 1-0

[Event "Team 45 45 League T50"]
[Site "Internet Chess Club"]
[Date "2011.09.03"]
[Round "4"]
[White "Tjet"]
[Black "isolani"]
[Result "1/2-1/2"]
[WhiteElo "1469"]
[BlackElo "1477"]
[Opening "English, 1...Nf6 (Anglo-Indian defense)"]
[ECO "A15"]
[Time "18:09:29"]
[TimeControl "2700+45"]

1. c4 Nf6 2. g3 g6 3. Bg2 Bg7 4. Nf3 O-O 5. O-O d6 6. Nc3 e5 7. d3 Nbd7 8. e4 c6
9. b4 Qe7 10. Rb1 Rd8 11. Be3 h6 12. Qc1 Kh7 13. Rd1 Ng4 14. h3 Nxe3 15. Qxe3
Nf8 16. Kh2 Ne6 17. Ne2 b6 18. d4 exd4 19. Nfxd4 Bb7 20. Nxe6 fxe6 21. a4 Qf6
22. Qf4 g5 23. Qxf6 Bxf6 24. Nd4 Bxd4 25. Rxd4 c5 26. bxc5 dxc5 27. Rdd1 Kg7 28.
e5 Bxg2 29. Kxg2 Kf8 {Game drawn by mutual agreement} 1/2-1/2

[Event "Team 45 45 League T50"]
[Site "Internet Chess Club"]
[Date "2011.09.03"]
[Round "4"]
[White "Andressa"]
[Black "dpmdpm"]
[Result "1/2-1/2"]
[WhiteElo "1442"]
[BlackElo "1594"]
[Opening "Sicilian: closed, 2...Nc6"]
[ECO "B23"]
[Time "09:08:14"]
[TimeControl "2700+45"]

1. e4 c5 2. Nc3 Nc6 3. Nf3 d6 4. h3 Nf6 5. Bc4 e6 6. O-O Nxe4 7. d4 Nxc3 8. bxc3
d5 9. Bb5 a6 10. Bxc6+ bxc6 11. Bf4 Bd6 12. Ne5 Qc7 13. Qg4 g6 14. Nd3 Bxf4 15.
Qxf4 Qxf4 16. Nxf4 cxd4 17. cxd4 Ke7 18. Rab1 Bd7 19. Nd3 Rhb8 20. Nc5 a5 21. f4
Rb5 22. Rxb5 cxb5 23. c3 b4 24. cxb4 axb4 25. Rf2 Bb5 26. Rb2 Bc4 27. Rxb4 Rxa2
28. Rb7+ Kf6 29. g4 h6 30. Nd7+ Kg7 31. Ne5 Ra1+ 32. Kf2 Rf1+ 33. Kg3 g5 34.
Rxf7+ Kg8 35. Rf6 gxf4+ 36. Rxf4 Rxf4 37. Kxf4 Kg7 38. h4 Ba2 39. g5 hxg5+ 40.
hxg5 Bb1 41. Kg3 {Game drawn by mutual agreement} 1/2-1/2

[Event "Team 45 45 League T50"]
[Site "Internet Chess Club"]
[Date "2011.09.06"]
[Round "4"]
[White "bmw2002"]
[Black "zigzag2002"]
[Result "0-1"]
[WhiteElo "1573"]
[BlackElo "1782"]
[Opening "English: symmetrical variation"]
[ECO "A30"]
[Time "19:07:08"]
[TimeControl "2700+45"]

1. c4 c5 2. g3 e6 3. Bg2 d5 4. cxd5 exd5 5. e3 Nc6 6. Ne2 Nf6 7. O-O Bd6 8. d4
O-O 9. Nbc3 Be6 10. Na4 c4 11. Nc5 Bxc5 12. dxc5 Qa5 13. b3 Qxc5 14. a4 Nb4 15.
Ba3 a5 16. Rc1 Rfd8 17. Nd4 Rac8 18. bxc4 dxc4 19. Bxb7 Rc7 20. Bg2 Qe5 21. Qf3
Nd3 22. Rc2 Bg4 23. Nc6 Qe8 24. Qxg4 Nxg4 25. Nxd8 Qxd8 26. Rb1 Ndxf2 27. h3
Nxe3 28. Rxf2 h6 29. Be4 f5 30. Bf3 c3 31. Bc1 c2 32. Rb3 Nd1 33. Rd2 Qe7 34.
Bxd1 Qe1+ 35. Kg2 cxd1=Q 36. Rxd1 Qxd1 37. Rb8+ Kh7 38. Be3 Qd5+ {White resigns}
0-1

[Event "Team 45 45 League T50"]
[Site "Internet Chess Club"]
[Date "2011.09.02"]
[Round "4"]
[White "kmicc"]
[Black "Gilguli"]
[Result "1/2-1/2"]
[WhiteElo "1411"]
[BlackElo "1407"]
[Opening "Sicilian"]
[ECO "B56"]
[Time "15:06:34"]
[TimeControl "2700+45"]

1. e4 c5 2. Nf3 d6 3. d4 cxd4 4. Nxd4 Nf6 5. Nc3 e5 6. Nb3 Bg4 7. f3 Be6 8. Nd5
Nxd5 9. exd5 Bf5 10. Bd3 Bg6 11. Bxg6 hxg6 12. Qd3 Qc7 13. Be3 Nd7 14. O-O-O Be7
15. h3 Rc8 16. Nd2 Nf6 17. Kb1 Qa5 18. Nb3 Qa4 19. Rhf1 O-O 20. Bg5 Nxd5 21.
Qxd5 Bxg5 22. Qxd6 Rfe8 23. Qd7 Qb4 24. Qg4 Qxg4 25. hxg4 Re6 26. Rd7 Rec6 27.
c3 Rb6 28. Rh1 f5 29. gxf5 gxf5 30. Rh5 Bf6 31. f4 g6 32. Rh1 exf4 33. Rhh7 Re8
34. Nd4 Bxd4 35. cxd4 Re1+ 36. Kc2 Re2+ 37. Kd3 Rbxb2 38. Rdf7 Re3+ 39. Kc4 Rc2+
40. Kd5 Rxg2 41. Rhg7+ Kh8 42. Rh7+ Kg8 43. Rhg7+ Kh8 44. Rh7+ Kg8 45. Rhg7+ Kh8
46. Rh7+ Kg8 {Game drawn by repetition} 1/2-1/2

[Event "Team 45 45 League T50"]
[Site "Internet Chess Club"]
[Date "2011.09.05"]
[Round "4"]
[White "blizzard13"]
[Black "cys456"]
[Result "1-0"]
[WhiteElo "1418"]
[BlackElo "1585"]
[Opening "Queen's pawn: Chigorin variation"]
[ECO "D00"]
[Time "12:02:52"]
[TimeControl "2700+45"]

1. d4 d5 2. Nc3 Nf6 3. h3 Nc6 4. Nf3 Bf5 5. g4 Bg6 6. Ne5 Nxe5 7. dxe5 Ne4 8.
Nxe4 dxe4 9. Qxd8+ Rxd8 10. Bd2 e6 11. O-O-O Bc5 12. e3 O-O 13. Be2 f5 14. g5 f4
15. exf4 Bxf2 16. Bc4 Rde8 17. Rhf1 e3 18. Rxf2 exf2 19. Rf1 Bf5 20. h4 a6 21.
Rxf2 b5 22. Be2 g6 23. h5 Rd8 24. hxg6 Bxg6 25. b3 c5 26. Be3 Rc8 27. Bg4 Bf5
28. Bxf5 Rxf5 29. Rd2 Rc6 30. Rg2 Kf7 31. Rh2 Kg7 32. Rh6 Rf7 33. c3 Kg8 34. Kc2
Kf8 35. Kd3 c4+ 36. bxc4 Rd7+ 37. Bd4 bxc4+ 38. Kc2 Rf7 39. Be3 Ke7 40. g6 hxg6
41. Rxg6 Kf8 42. Rg4 Rg7 43. Rg1 Rxg1 44. Bxg1 Kg7 45. Kd2 Rd6+ 46. Bd4 Rd7 47.
f5 exf5 48. e6+ Rxd4+ 49. cxd4 Kf6 50. d5 Ke7 51. Kc3 Kd6 52. Kxc4 a5 53. Kd4 a4
54. a3 {Black resigns} 1-0

[Event "Team 45 45 League T50"]
[Site "Internet Chess Club"]
[Date "2011.09.04"]
[Round "4"]
[White "cazj"]
[Black "houseofcook"]
[Result "1-0"]
[WhiteElo "1345"]
[BlackElo "1428"]
[Opening "QGD: 4.Bg5 Be7, 5.e3 O-O"]
[ECO "D53"]
[Time "12:01:38"]
[TimeControl "2700+45"]

1. d4 Nf6 2. c4 e6 3. Nc3 d5 4. Bg5 Be7 5. e3 O-O 6. Qf3 c6 7. Be2 Nbd7 8. Qg3
Ne4 9. Nxe4 dxe4 10. Bh6 Bf6 11. a3 Kh8 12. Bf4 Nb6 13. Nh3 Bh4 14. Bg5 Bxg3 15.
Bxd8 Bxf2+ 16. Nxf2 Rxd8 17. Nxe4 f6 18. O-O Kg8 19. Rf3 f5 20. Ng3 Bd7 21. c5
Nd5 22. Bc4 Be8 23. Raf1 Bg6 24. h4 h6 25. Bd3 Rf8 26. h5 Bh7 27. b4 a6 28. Bc4
Rad8 29. Ne2 Rf6 30. Rg3 Rdf8 31. Nf4 Nxf4 32. Rxf4 Kh8 33. a4 g5 34. hxg6 Bxg6
35. b5 axb5 36. axb5 Be8 37. b6 Rg8 38. Rxf5 Rxf5 39. Rxg8+ Kxg8 40. Bxe6+ Kg7
41. Bxf5 h5 42. Bc8 Kf6 43. Bxb7 Kf5 44. Bc8+ {Black resigns} 1-0

[Event "Team 45 45 League T50"]
[Site "Internet Chess Club"]
[Date "2011.09.03"]
[Round "4"]
[White "spongenotbob"]
[Black "baseball613"]
[Result "1-0"]
[WhiteElo "1463"]
[BlackElo "1326"]
[Opening "QGD Slav defense"]
[ECO "D10"]
[Time "22:00:06"]
[TimeControl "2700+45"]

1. d4 c6 2. c4 d5 3. Nc3 Bf5 4. e3 Nf6 5. cxd5 Nxd5 6. Nxd5 cxd5 7. Nf3 Nc6 8.
Qb3 Qc7 9. Be2 e6 10. O-O Bd6 11. h3 O-O 12. Bd2 Rac8 13. Rac1 Qe7 14. Rc3 Rc7
15. a3 Rfc8 16. Rfc1 Qf6 17. Bd3 Bxd3 18. Rxd3 Qe7 19. Rdc3 Nd8 20. Rxc7 Rxc7
21. Rxc7 Qxc7 22. Qd3 Qb6 23. Bc3 Qb3 24. Nd2 Qd1+ 25. Qf1 Qxf1+ 26. Kxf1 Nc6
27. Nb3 Kf8 28. Nc5 b6 29. Nd3 Ke7 30. b4 Kf6 31. g4 Kg5 32. f4+ Kh4 33. Kg2 Ne7
34. Be1# {Black checkmated} 1-0

[Event "Team 45 45 League T50"]
[Site "Internet Chess Club"]
[Date "2011.09.02"]
[Round "4"]
[White "papricka205"]
[Black "tworivers"]
[Result "1/2-1/2"]
[WhiteElo "1453"]
[BlackElo "1416"]
[Opening "Scandinavian defense"]
[ECO "B01"]
[Time "15:07:38"]
[TimeControl "2700+45"]

1. e4 d5 2. exd5 Nf6 3. d4 Qxd5 4. Nc3 Qa5 5. Nf3 c6 6. Bc4 Bg4 7. O-O e6 8. a3
b5 9. Bd3 Bd6 10. Bg5 Nbd7 11. Re1 O-O 12. Ne4 Nxe4 13. Bxe4 Rac8 14. Qd3 f5 15.
Bxc6 Rxc6 16. d5 Bxh2+ 17. Kxh2 Qc7+ 18. Kg1 exd5 19. Qxd5+ Kh8 20. Re7 Rd6 21.
Qxb5 Qc6 22. Qxc6 Rxc6 23. Rxd7 Bxf3 24. gxf3 Rg6 25. f4 h6 26. Rxa7 hxg5 27.
fxg5 Rxg5+ 28. Kf1 Rh5 29. Kg2 Rf6 30. Kf3 Rh3+ 31. Kf4 Rc6 32. Rg1 Rxc2 33.
Kxf5 Rxf2+ 34. Ke4 Rxb2 35. Rgxg7 Rbb3 36. Rgd7 Rh4+ 37. Kd5 Rd3+ 38. Ke6 {Game
drawn by mutual agreement} 1/2-1/2

[Event "Team 45 45 League T50"]
[Site "Internet Chess Club"]
[Date "2011.09.04"]
[Round "4"]
[White "Boromir"]
[Black "alexping"]
[Result "0-1"]
[WhiteElo "1922"]
[BlackElo "1918"]
[Opening "French: Winawer, advance variation"]
[ECO "C17"]
[Time "01:30:45"]
[TimeControl "2700+45"]

1. e4 e6 2. d4 d5 3. Nc3 Bb4 4. e5 c5 5. Nf3 Nc6 6. a3 Bxc3+ 7. bxc3 cxd4 8.
cxd4 Qa5+ 9. Qd2 Nge7 10. Qxa5 Nxa5 11. Bd2 Nac6 12. Bd3 f6 13. O-O Ng6 14. Rfe1
Kf7 15. c4 dxc4 16. Bxc4 Rd8 17. Bc3 Nce7 18. Rad1 b6 19. Nd2 Bb7 20. Bb2 Nf4
21. g3 Nfd5 22. Bd3 f5 23. Nc4 Nc8 24. Bf1 Nde7 25. Rc1 Bd5 26. Bg2 b5 27. Bxd5
Nxd5 28. Ne3 Ncb6 29. Nxd5 Nxd5 30. Rc5 Rab8 31. Rd1 Ke7 32. Kf1 Kd7 33. Ke2
Rdc8 34. Rdc1 a5 35. Rxc8 Rxc8 36. Rxc8 Kxc8 37. Bc1 Kc7 38. Kd3 h6 39. h4 h5
40. Bd2 Kb6 41. Bg5 a4 42. Bd2 Kc6 43. Ba5 Ne7 44. Bb4 Nd5 45. Ba5 g6 46. Bd2
Nb6 47. Bb4 Kd5 48. Bc5 Nd7 49. Bb4 Nb8 50. Bc5 Nc6 51. f4 Nb8 52. Bb6 Na6 53.
Ba5 Kc6 54. Bc3 Kd5 55. Ba5 Nb8 56. Bb6 Kc6 57. Bc5 Na6 58. Bd6 Kd5 59. Be7 Nb8
60. Bd6 Nc6 61. Bc5 Nd8 62. Be7 Nc6 63. Bc5 Na5 64. Bb4 Nc4 65. Bc5 Kc6 66. Bb4
Nb6 67. Bc5 Nd5 68. Bd6 Kb6 69. Bc5+ Ka5 70. Bd6 Kb6 71. Bc5+ Kc6 72. Bd6 Nb6
73. Bb4 Nc4 74. Be7 Na5 75. Bb4 Nb3 76. Bc3 Kd5 77. Bb2 Na5 78. Bc3 Nc6 79. Bb2
b4 80. axb4 Nxb4+ 81. Kc3 Nc6 82. Kd3 Na7 83. Bc1 Nb5 84. Bb2 Na7 85. Bc1 Nc6
86. Bb2 Na5 87. Bc3 Nc4 88. Ba1 a3 89. Bc3 Nb2+ 90. Kc2 Nc4 91. Kd3 Nb6 92. Ba1
Na4 93. Kc2 Kc4 94. Kb1 Nb6 95. Ka2 Kb4 96. Kb1 Kb3 97. d5 Nxd5 98. Bd4 a2+
{White resigns} 0-1